 Dungeon Crawl Stone Soup version 0.19.1-1-g22dce08 (webtiles) character file.

3 Gargoyl the Skirmisher (level 1, 0/19 HPs)
             Began as a Ghoul Abyssal Knight on Jan 14, 2017.
             Was an Initiate of Lugonu.
             Slain by a jackal (2 damage)
             ... on level 1 of the Dungeon.
             The game lasted 00:01:11 (208 turns).

Gargoyl the Skirmisher (Ghoul Abyssal Knight)        Turns: 208, Time: 00:01:12

Health: 0/19       AC:  3    Str: 17    XL:     1   Next: 50%
Magic:  1/1        EV: 11    Int:  7    God:    Lugonu [......]
Gold:   0          SH:  0    Dex:  8    Spells: 0 memorised, 0 levels left

rFire  . . .     SeeInvis .     a - +1 hand axe
rCold  + . .     Gourm    .     b - +0 leather armour
rNeg   + + +     Faith    .     (no shield)
rPois  ∞         Spirit   .     (no helmet)
rElec  .         Reflect  .     (no cloak)
rCorr  .         Harm     .     (no gloves)
MR     .....                    (no boots)
Stlth  +.........               (no amulet)
                                (no ring)
                                e - +2 ring of strength

@: rotting
A: rotting body, claws 1, carnivore 3, cold resistance 1, negative energy
resistance 3, slow regeneration 1, torment resistance, unbreathing
a: Renounce Religion


You were on level 1 of the Dungeon.
You worshipped Lugonu.
Lugonu was noncommittal.
You were not hungry.

You visited 1 branch of the dungeon, and saw 1 of its levels.
You visited the Abyss 1 time.

Inventory:

Hand Weapons
 a - a +1 hand axe (weapon)
Armour
 b - a +0 leather armour (worn)
Jewellery
 e - a +2 ring of strength (left claw)
Scrolls
 d - a scroll of enchant armour {unknown}
 f - a scroll of identify {unknown}
 i - a scroll of noise {unknown}
Potions
 h - a potion of agility {unknown}
Comestibles
 c - a meat ration
 g - a chunk of flesh


   Skills:
 + Level 3.3 Fighting
 + Level 1.7 Axes
 * Level 2.0 Armour
 + Level 0.8 Dodging
 * Level 2.0 Invocations


You couldn't memorise any spells.
You didn't know any spells.

Dungeon Overview and Level Annotations

Branches:
Dungeon (1/15)

Altars:

Annotations:
D:1 1 runed door


Innate Abilities, Weirdness & Mutations

Your body is rotting away.
You thrive on raw meat.
You are immune to poison.
You have sharp fingernails.
You are carnivorous and can eat meat at any time.
Your flesh is cold resistant. (rC+)
You are immune to negative energy. (rN+++)
You regenerate slowly when monsters are visible.
You are immune to unholy pain and torment.
You can survive without breathing.


Message History

You hit the jackal.
The jackal bites you but does no damage.
The hobgoblin hits you with a club. The jackal bites you.
You hit the hobgoblin.
The hobgoblin is heavily wounded.
You hit the jackal. The jackal bites you.
* * * LOW HITPOINT WARNING * * *
The hobgoblin hits you but does no damage.
Unknown command.
The hobgoblin barely misses you. The jackal barely misses you.
You see here a scroll labeled QINULU LUJATE.
The jackal bites you.
* * * LOW HITPOINT WARNING * * *
You closely miss the jackal.
The jackal is severely wounded.
The jackal misses you.
You closely miss the jackal.
The jackal is severely wounded.
The jackal bites you.
You die... w

Jwhsh..#..##...........
swJ..h..#...#........#
sw.......#.#.#........#
##########.#..........#
...........##.........#
####...######.........#
#..## #.##.#####....
#.## #.##.# .... #.#
#.##@### # ..# #.#
#.##h#.#.#.#.# #.#
#.##g?........ #.#
#.#.#>#.#.# #..
#....... ..#.#.#.#
...........
....#.#.#.#.#
...#..........


You could see a jackal and a hobgoblin.

Vanquished Creatures
  A goblin (D:1)
  A bat (D:1)
  A frilled lizard (D:1)
  A rat (D:1)
4 creatures vanquished.

Notes
Turn   | Place    | Note
-------+----------+-------------------------------------------
     0 | Abyss:1  | Gargoyl the Ghoul Abyssal Knight began the quest for the Orb.
     0 | Abyss:1  | Reached XP level 1. HP: 19/19 MP: 1/1
    35 | Abyss:1  | Found a corrupted altar of Lugonu.
    64 | Abyss:1  | Noticed a quasit
    67 | Abyss:1  | Noticed a small abomination
    69 | Abyss:1  | Noticed an ancient zyme
    74 | D:1      | Escaped the Abyss
    77 | D:1      | Found a runed door.
   208 | D:1      | Slain by a jackal

Skill      XL: |  1 |
---------------+----+-----
Armour         | 2 |  2.0
Fighting       | |  3.3
Axes           | |  1.7
Dodging        | |  0.8
Invocations    | |  2.0

Action                   || total
-------------------------++-------
Melee: Hand axe          ||    21
Invok: Depart the Abyss  ||     1
  Use: Scroll            ||     1
Armor: Leather armour    ||    12
Dodge: Dodged            ||    13
